 Dungeon Crawl Stone Soup version 0.23.2-1-ga50397a6bc (webtiles) character file.

Game seed: 12575044220990921689

11 Gordogan the Digger (level 2, -1/17 HPs)
             Began as an Octopode Earth Elementalist on May 4, 2019.
             Slain by an adder (3 damage)
             ... on level 2 of the Dungeon.
             The game lasted 00:06:57 (771 turns).

Gordogan the Digger (Octopode Earth Elementalist)    Turns: 771, Time: 00:06:58

Health: -1/17      AC:  1    Str:  7    XL:     2   Next: 25%
Magic:  4/5        EV: 13    Int: 17    God:
Gold:   58         SH:  0    Dex: 12    Spells: 4/5 levels left

rFire    . . .     SeeInvis .   i - +2 whip (holy)
rCold    . . .     Gourm    .   (no shield)
rNeg     . . .     Faith    .   (helmet restricted)
rPois    .         Spirit   .   (no amulet)
rElec    .         Reflect  .   j - ring of resist corrosion
rCorr    +         Harm     .   (no ring)
MR       .....                  (no ring)
Stlth    +++.......             (no ring)
HPRegen  0.05/turn              (no ring)
MPRegen  0.09/turn              (no ring)
                                (no ring)
                                (no ring)

@: lethally poisoned (-1 -> -10)
A: almost no armour, stealthy swim, amphibious, 8 rings, constrict 8, camouflage
1, gelatinous body 1
a: no special abilities


You were on level 2 of the Dungeon.
You were not hungry.

You visited 1 branch of the dungeon, and saw 2 of its levels.

You collected 58 gold pieces.

Inventory:

Hand Weapons
 i - a +2 whip of holy wrath (weapon)
Missiles
 b - 108 stones (quivered)
Jewellery
 j - a ring of resist corrosion (left tentacle)
Scrolls
 a - a scroll of remove curse
Potions
 e - a potion of agility
 f - a potion of resistance {unknown}
 h - a potion of might {unknown}
Comestibles
 c - 5 rations
 d - 4 chunks of flesh


   Skills:
 + Level 2.0 Dodging
 + Level 2.7 Stealth
 + Level 2.3 Spellcasting
   Level 1.0 Transmutations
 + Level 3.3 Earth Magic


You had 4 spell levels left.
You knew the following spells:

 Your Spells              Type           Power        Failure   Level  Hunger
a - Sandblast             Erth           ##....       4%          1    #......

Your spell library contained the following spells:

 Spells                   Type           Power        Failure   Level  Hunger
 Passwall                 Tmut/Erth      #.......     12%         2    ##.....
 Stone Arrow              Conj/Erth      #.....       28%         3    ###....
 Petrify                  Tmut/Erth      #.......     58%         4    #####..
 Lee's Rapid Deconstruct  Erth           ##........   80%         5    ######.


Dungeon Overview and Level Annotations

Branches:
Dungeon (2/15)

Altars:


Innate Abilities, Weirdness & Mutations

You cannot wear most types of armour.
You are very stealthy in the water. (Stealth+)
You are amphibious.
You can wear up to eight rings at the same time.
You can use your tentacles to constrict eight enemies at once.
Your skin changes colour to match your surroundings (Stealth+).
Your rubbery body absorbs attacks. (AC +1, EV +1)


Message History

b - 108 stones The adder bites you.
You closely miss the adder. Your grab misses the adder.
Your squeeze misses the adder. The adder bites you.
You are poisoned.
The adder poisons you!
You hit the adder. Your grab misses the adder.
The adder is moderately wounded.
You feel sick. The adder bites you.
You miss the adder. Your grab misses the adder.
The adder is moderately wounded.
The adder barely misses you. The adder bites you.
* * * LOW HITPOINT WARNING * * *
You are more poisoned.
The adder poisons you!
You miss the adder. Your grab misses the adder.
The adder is moderately wounded.
* * * LOW HITPOINT WARNING * * *
You feel sick. The adder bites you.
You die...

+# ##.# ###...##
###......#
#####........##
###.#..S@.......#
###...##).........##
###......#.....⌠.....#
#+#.....(..##..........##
#...........#............
#..........##...%....##
#.....⌠.....#......###
#..........##...###
#....)......'.###


You could see an adder.

Vanquished Creatures
  4 bats (D:1)
  4 goblins
  2 kobolds (D:1)
  A frilled lizard (D:2)
11 creatures vanquished.

Notes
Turn   | Place    | Note
-------+----------+-------------------------------------------
     0 | D:1      | Gordogan the Octopode Earth Elementalist began the quest
                  | for the Orb.
     0 | D:1      | Reached XP level 1. HP: 11/11 MP: 3/3
   489 | D:1      | Reached XP level 2. HP: 17/17 MP: 5/5
   771 | D:2      | Slain by an adder

Action                   || total
-------------------------++-------
Melee: Whip              ||    14
       Club              ||     3
       Constrict         ||     4
       Tentacles         ||     2
 Cast: Sandblast         ||     5
  Use: Scroll            ||     5
 Stab: Sleeping          ||     2
Armor: Skin              ||     2
Dodge: Dodged            ||     8
